 Dungeon Crawl Stone Soup version 0.20-a0-959-gdc9e609 (webtiles) character file.

41304 4thArraOfDagon the Carver (level 13, 0/96 HPs)
             Began as a Mummy Fighter on Apr 6, 2017.
             Was a High Priest of Okawaru.
             Slain by a blink frog (18 damage)
             ... on level 6 of the Lair of Beasts.
             The game lasted 00:45:08 (13670 turns).

4thArraOfDagon the Carver (Mummy Fighter)          Turns: 13670, Time: 00:45:09

Health: 0/96       AC:  8    Str: 22    XL:     13   Next: 79%
Magic:  18/20      EV: 21    Int: 11    God:    Okawaru [*****.]
Gold:   1072       SH:  0    Dex: 14    Spells: 3/13 levels left

rFire    . . .     SeeInvis +   N - +3 great sword
rCold    + + .     Gourm    .   (shield currently unavailable)
rNeg     + + +     Faith    .   r - +0 troll leather armour
rPois    ∞         Spirit   .   (no helmet)
rElec    .         Reflect  .   v - scarf {rC+}
rCorr    .         Harm     +   O - +0 pair of gloves of Qoppinos {MR+++ Str-3 Dex+3}
MR       ++++.                  (no boots)
Stlth    +++.......             y - amulet of harm
Regen    0.7/turn               S - +3 ring of slaying
MPRegen  0.2/turn               x - ring of Pessimism {rF+ Str+4 SInv}

@: heroism, finesse
A: no food or potions, fire vulnerability, cold resistance 1, negative energy
resistance 3, torment resistance, unbreathing, in touch with death 1
a: Heroism, Finesse, Renounce Religion


You were on level 6 of the Lair of Beasts.
You worshipped Okawaru.
Okawaru was extremely pleased with you.
You were not hungry.

You visited 3 branches of the dungeon, and saw 21 of its levels.

You collected 1839 gold pieces.
You spent 767 gold pieces at shops.

Inventory:

Hand Weapons
 a - a +0 long sword
 u - a +1 short sword of electrocution
 w - a +1 scimitar
 J - the +10 quarterstaff of Oozing Pus {chaos, rF+, unknown}
   (You found it on level 10 of the Dungeon)

   Each time it hits an enemy it has a different, random effect.
   It protects you from fire.
 K - a +2 scimitar
 N - a +3 great sword (weapon)
Missiles
 p - 4 silver tomahawks (quivered)
Armour
 b - a +0 scale mail
 n - a +0 plate armour
 r - a +0 troll leather armour (worn)
 v - a scarf of cold resistance (worn)
 G - a +1 cloak
 O - the +0 pair of gloves of Qoppinos (worn) {MR+++ Str-3 Dex+3}
   (You bought it in a shop on level 2 of the Orcish Mines)

   It affects your strength (-3).
   It affects your dexterity (+3).
   It affects your resistance to hostile enchantments.
Magical Staves
 z - an uncursed staff of cold {unknown}
Jewellery
 f - a +3 ring of intelligence
 x - the ring of Pessimism (right hand) {rF+ Str+4 SInv}
   (You found it on level 6 of the Dungeon)

   [ring of see invisible]

   It affects your strength (+4).
   It protects you from fire.
   It lets you see invisible.
 y - an amulet of harm (around neck)
 B - an uncursed ring of flight
 C - a +3 ring of dexterity
 I - an uncursed ring of magical power
 M - an uncursed ring of poison resistance
 Q - an uncursed ring of protection from cold
 S - a +3 ring of slaying (left hand)
Wands
 c - a wand of iceblast (0/15)
 s - a wand of flame (31/48)
 A - a wand of iceblast (4/15)
 D - a wand of disintegration (10/24)
 E - a wand of paralysis (3/24)
 F - a wand of digging (1/24)
 H - a wand of disintegration (12/24)
 R - a wand of iceblast (6/15)
 U - a wand of confusion (29/48)
Scrolls
 d - a scroll of fog
 e - 2 scrolls of immolation
 g - 5 scrolls of amnesia
 h - 2 scrolls of random uselessness
 i - 5 scrolls of enchant armour
 j - 6 scrolls of remove curse
 k - a scroll of teleportation
 l - 3 scrolls of recharging
 m - 4 scrolls of blinking
 o - 2 scrolls of identify
 q - 5 scrolls of enchant weapon
 t - 3 scrolls of magic mapping
 P - a scroll of fear
 T - 3 scrolls of noise {unknown}
Books
 L - a book of Battle

   Spells                             Type                      Level
   a - Infusion                       Charms                       1
   b - Shroud of Golubria             Charms/Translocation         2
   c - Song of Slaying                Charms                       2
   d - Spectral Weapon                Hexes/Charms                 3
   e - Regeneration                   Charms/Necromancy            3
 V - a book of Necromancy

   Spells                             Type                      Level
   a - Pain                           Necromancy                   1
   b - Animate Skeleton               Necromancy                   1
   c - Vampiric Draining              Necromancy                   3
   d - Regeneration                   Charms/Necromancy            3
   e - Animate Dead                   Necromancy                   4
   f - Control Undead                 Necromancy                   4


   Skills:
 + Level 7.4(12.4) Fighting
 * Level 12.8(17.8) Long Blades
 + Level 8.7(13.7) Armour
 + Level 8.6(13.6) Dodging
   Level 2.4(7.4) Shields
 + Level 0.5 Spellcasting
 * Level 0.6 Necromancy
 + Level 9.7 Invocations


You had 3 spell levels left.
You knew the following spells:

 Your Spells              Type           Power        Failure   Level  Hunger
a - Spectral Weapon       Hex/Chrm       #.......     93%         3    N/A
b - Vampiric Draining     Necr           #.........   87%         3    N/A
c - Control Undead        Necr           #.........   100%        4    N/A

Dungeon Overview and Level Annotations

Branches:
Dungeon (13/15)            Temple (0/1) D:6            Lair (6/6) D:9
    Orc (2/2) D:11            Elf (0/3) Orc:2
  Swamp: Lair:2-4    Shoals: Lair:2-4     Snake: Lair:2-4    Spider: Lair:2-4
  Slime: Lair:5-6    Vaults: D:13-14

Altars:
Ashenzari
Dithmenos
Elyvilon
Gozag
Kikubaaqudgha
Okawaru
Qazlal
Ru
Sif Muna
Uskayaw
Vehumet
Zin
Beogh

Shops:
D:4 !(*}}   D:7 (*   Orc:2 (*?(

Annotations:
D:6 exclusion: statue
D:9 Nattefrost's ghost, novice MiWn


Innate Abilities, Weirdness & Mutations

You do not eat or drink.
Your flesh is vulnerable to fire.
You are immune to poison.
Your flesh is cold resistant. (rC+)
You are immune to negative energy. (rN+++)
You are immune to unholy pain and torment.
You can survive without breathing.
You are in touch with the powers of death.


Message History

The dream sheep is severely wounded.
The dream sheep bites you.
* * * LOW HITPOINT WARNING * * *
Unknown command.
You hit the dream sheep.
You kill the dream sheep!
Okawaru accepts your kill.
Unknown command.
Unknown command.
Unknown command.
The blink frog blinks! x2
Unknown command.
The blink frog blinks!
Unknown command.
The blink frog completely misses you.
Unknown command.
You barely miss the blink frog.
Unknown command.
You closely miss the blink frog. The blink frog hits you!
You die...

###.......#..##.# #
##.P..........†##
##.#.#^.#..........#†##
≈........#........###.#
...........#.......####
≈...........#†....##
≈......!..........#
≈................##
≈..........@.....#
≈...........F...##
≈............<..##
≈..............##
#.............##
#.........÷...## ..##
#.........P.P.# !..##
.#.........PP.##
....######........P....


You could see a blink frog.

Vanquished Creatures
  A stone giant (Orc:2)
  A dire elephant (Lair:6)
  A hydra (Lair:3)
  Erolcha (Orc:1)
  A catoblepas (Lair:6)
  4 two-headed ogres
  6 orc high priests (Orc:2)
  5 death yaks (Lair:6)
  An unseen horror (D:11)
  A necromancer (Lair:3)
  Pikel (D:8)
  2 cyclopes
  2 manticores (D:12)
  5 elephants (Lair:3)
  Maurice (D:8)
  3 black mambas
  2 spiny frogs
  A torpor snail (Lair:6)
  2 gargoyles (D:10)
  2 rime drakes
  A centaur skeleton (D:12)
  4 komodo dragons
  5 trolls
  A hornet (D:9)
  A polar bear (Lair:6)
  Grinder (D:6)
  3 blink frogs (Lair:6)
  A slime creature (D:12)
  9 dream sheep (Lair:6)
  8 hippogriffs
  8 yaks
  Eustachio (D:4)
  2 basilisks
  Grum (D:9)
  11 wargs
  2 water moccasins
  A hell hound (D:9)
  6 porcupines
  13 orc warriors
  3 phantoms
  3 sky beasts
  2 ice beasts
  A necrophage (D:10)
  12 ogres
  8 centaurs
  10 wolves
  9 crocodiles
  2 big kobolds
  11 bullfrogs
  A gnoll sergeant (D:10)
  4 scorpions
  3 howler monkeys
  8 killer bees
  7 wights
  A crimson imp (D:12)
  37 orc priests
  2 jellies
  3 centaur zombies
  2 bullfrog zombies
  2 hounds (D:11)
  14 orc wizards
  2 bullfrog skeletons
  4 iguanas
  A yak simulacrum (Lair:3)
  Natasha (D:3)
  7 worker ants
  5 polar bear simulacra (Lair:3)
  2 killer bee zombies
  A hound skeleton (D:6)
  2 worker ant zombies
  11 gnolls
  10 adders
  4 shadow imps
  An ooze (D:2)
  2 adder skeletons
  An adder zombie (D:6)
  7 worms
  A dart slug (D:1)
  3 leopard geckos
  72 orcs
  4 giant cockroaches
  8 goblins
  6 hobgoblins
  5 jackals
  A quokka (D:11)
  A ball python (D:2)
  4 bats
  5 frilled lizards
  A jackal skeleton (D:5)
  20 kobolds
  A leopard gecko skeleton (D:8)
  A quokka skeleton (D:4)
  A quokka zombie (D:6)
  7 rats
  5 river rat simulacra (Lair:3)
474 creatures vanquished.

Vanquished Creatures (others)
  An orc wizard (D:12)
  An orc (Orc:2)
  A quokka (D:8)
  5 fungi (Lair:6)
  4 plants (Lair:6)
12 creatures vanquished.

Grand Total: 486 creatures vanquished

Notes
Turn   | Place    | Note
-------+----------+-------------------------------------------
     0 | D:1      | 4thArraOfDagon the Mummy Fighter began the quest for the Orb.
     0 | D:1      | Reached XP level 1. HP: 18/18 MP: 1/1
   121 | D:2      | Found a sacrificial altar of Ru.
   121 | D:2      | Found a white marble altar of Elyvilon.
   131 | D:2      | Reached skill level 2 in Long Blades
   145 | D:2      | Became a worshipper of Ru the Awakened
   179 | D:2      | Reached XP level 2. HP: 9/24 MP: 2/2
   432 | D:2      | Reached XP level 3. HP: 23/29 MP: 3/3
   467 | D:3      | Noticed a centaur
   576 | D:4      | Found Nuhinlaox's General Store.
   583 | D:4      | Bought a scroll of magic mapping for 45 gold pieces
   701 | D:4      | Noticed a phantom
   705 | D:4      | Found Diammair's Weapon Boutique.
   723 | D:4      | :(
   741 | D:5      | Entered Level 5 of the Dungeon
   764 | D:5      | Found an iron altar of Okawaru.
   771 | D:5      | Fell from the grace of Ru
   771 | D:5      | Became a worshipper of Warmaster Okawaru
   816 | D:5      | Reached skill level 3 in Long Blades
  1187 | D:6      | Noticed a centaur
  1189 | D:6      | Noticed Grinder
  1189 | D:6      | Killed a centaur
  1189 | D:6      | Reached * piety under Okawaru
  1189 | D:6      | Reached skill level 1 in Invocations
  1189 | D:6      | Reached XP level 4. HP: 35/35 MP: 3/5
  1189 | D:6      | Reached XP level 5. HP: 41/41 MP: 3/6
  1190 | D:6      | Reached skill level 4 in Long Blades
  1190 | D:6      | Paralysed by Grinder for 2 turns
  1193 | D:6      | Paralysed by Grinder for 3 turns
  1202 | D:6      | Paralysed by Grinder for 7 turns
  1210 | D:6      | Killed Grinder
  1210 | D:6      | Reached XP level 6. HP: 33/47 MP: 5/8
  1224 | D:6      | Found a radiant altar of Vehumet.
  1238 | D:6      | Reached ** piety under Okawaru
  1238 | D:6      | Reached skill level 5 in Long Blades
  1578 | D:3      | Reached skill level 1 in Dodging
  1578 | D:3      | Reached XP level 7. HP: 39/52 MP: 6/9
  1620 | D:3      | Noticed Natasha
  1629 | D:3      | Killed Natasha
  1909 | D:1      | Meriados: Sorry if I bother you, but what you did at start? You dove till Okawaru then went back to clear for piety?
  2094 | D:1      | 4thArraOfDagon: o hi
  2094 | D:1      | 4thArraOfDagon: yea
  2214 | D:1      | Meriados: BTW Huge fan of you playing, you have some sick scores
  2400 | D:3      | Meriados: I am still an O + Tab noob in early game, i should start doing like you
  2400 | D:3      | 4thArraOfDagon: o haha thanks, well that was my 'intense period'
  2521 | D:4      | Noticed Eustachio
  2633 | D:4      | Killed Eustachio
  2912 | D:4      | Found Pes Buorph's Distillery.
  3046 | D:4      | Reached skill level 6 in Long Blades
  3046 | D:4      | Reached XP level 8. HP: 48/58 MP: 7/10
  3164 | D:4      | Found Saecekurch's Gadget Shoppe.
  3235 | D:4      | Found Zyesiymu's Gadget Shop.
  4081 | D:5      | Reached skill level 7 in Long Blades
  4223 | D:5      | Noticed a hippogriff
  4292 | D:5      | Killed a hippogriff
  4292 | D:5      | Reached *** piety under Okawaru
  4466 | D:6      | Reached XP level 9. HP: 52/63 MP: 9/12
  4480 | D:6      | Meriados: Mummy Fighter is just for challenge right?
  4821 | D:6      | Reached skill level 5 in Invocations
  4911 | D:6      | Found a glowing silver altar of Zin.
  5018 | D:6      | Meriados: well, GL HF, you are very educational to watch
  5057 | D:6      | Found a hide-covered altar of Uskayaw.
  5057 | D:6      | Found a deep blue altar of Sif Muna.
  5057 | D:6      | Found an iron altar of Okawaru.
  5064 | D:6      | Found a shadowy altar of Dithmenos.
  5171 | D:6      | Found a staircase to the Ecumenical Temple.
  5217 | D:6      | Got a faintly glowing glass ring
  5218 | D:6      | Identified the ring of Pessimism {rF+ Str+4 SInv} (You found it on level 6 of the Dungeon)
  5440 | D:7      | Found Zicyhoos's Antique Weapon Boutique.
  5524 | D:7      | Reached skill level 8 in Long Blades
  5538 | D:7      | Found Mackus's Assorted Antiques.
  5546 | D:7      | Bought a blackened brass amulet for 150 gold pieces
  5704 | D:7      | Found an opulent altar of Gozag.
  5957 | D:8      | Reached skill level 5 in Armour
  6297 | D:8      | Found an ancient bone altar of Kikubaaqudgha.
  6325 | D:8      | Noticed Pikel
  6338 | D:8      | Killed Pikel
  6338 | D:8      | Reached **** piety under Okawaru
  6338 | D:8      | Received a gift from Okawaru
  6338 | D:8      | Reached XP level 10. HP: 68/70 MP: 12/14
  6430 | D:8      | Noticed Maurice
  6445 | D:8      | Killed Maurice
  6644 | D:8      | Found a shattered altar of Ashenzari.
  6757 | D:10     | Entered Level 10 of the Dungeon
  6780 | D:10     | Got a polished quarterstaff
  6866 | D:9      | Reached skill level 5 in Dodging
  6928 | D:9      | Found a stormy altar of Qazlal.
  6937 | D:9      | Reached skill level 9 in Long Blades
  7063 | D:9      | Noticed Grum
  7086 | D:9      | Killed Grum
  7224 | D:10     | HP: 3/70 [wight/enchanted scimitar (7)]
  7915 | D:9      | Found a staircase to the Lair.
  7984 | Lair:1   | Entered Level 1 of the Lair of Beasts
  7984 | Lair:1   | Noticed a black mamba
  7992 | Lair:1   | Killed a black mamba
  8204 | Lair:1   | Noticed a black mamba
  8212 | Lair:1   | Killed a black mamba
  8212 | Lair:1   | Reached ***** piety under Okawaru
  8286 | Lair:1   | Learned a level 3 spell: Spectral Weapon
  8315 | Lair:2   | Noticed an eight-headed hydra
  8390 | Lair:2   | Reached XP level 11. HP: 67/75 MP: 16/16
  8687 | D:9      | Reached skill level 10 in Long Blades
  8839 | D:9      | Noticed Nattefrost's ghost (novice MiWn)
  9200 | D:10     | Noticed a two-headed ogre
  9215 | D:10     | Killed a two-headed ogre
  9239 | D:11     | Noticed a four-headed hydra
  9635 | D:10     | Noticed a two-headed ogre
  9642 | D:10     | Killed a two-headed ogre
  9756 | D:11     | Noticed an unseen horror
  9758 | D:11     | Killed an unseen horror
 10222 | D:11     | Found a staircase to the Orcish Mines.
 10277 | D:11     | Received a gift from Okawaru
 10465 | D:13     | Noticed a brown ugly thing
 10987 | D:12     | Reached XP level 12. HP: 79/84 MP: 18/18
 10995 | D:12     | Reached skill level 11 in Long Blades
 11077 | D:11     | Noticed a two-headed ogre
 11085 | D:11     | Killed a two-headed ogre
 11109 | Orc:1    | Entered Level 1 of the Orcish Mines
 11191 | Orc:1    | Noticed a two-headed ogre
 11199 | Orc:1    | Killed a two-headed ogre
 11327 | Orc:2    | Entered Level 2 of the Orcish Mines
 11330 | Orc:2    | Reached skill level 5 in Fighting
 11546 | Orc:2    | Found a staircase to the Elven Halls.
 11627 | Orc:2    | Noticed a stone giant
 11648 | Orc:2    | Killed a stone giant
 11741 | Orc:2    | Noticed an orc high priest
 11772 | Orc:2    | Killed an orc high priest
 11889 | Orc:2    | Noticed an orc high priest
 11894 | Orc:2    | Killed an orc high priest
 11919 | Orc:2    | Noticed an orc high priest
 11935 | Orc:2    | Killed an orc high priest
 11936 | Orc:2    | Noticed an orc high priest
 11943 | Orc:2    | Killed an orc high priest
 12071 | Orc:2    | Found a roughly hewn altar of Beogh.
 12098 | Orc:2    | Noticed an orc high priest
 12100 | Orc:2    | Noticed an orc high priest
 12118 | Orc:2    | Killed an orc high priest
 12123 | Orc:2    | Found Isux's Antique Weapon Shoppe.
 12123 | Orc:2    | Found Degiclehulu's Magic Scroll Shop.
 12132 | Orc:2    | Killed an orc high priest
 12186 | Orc:2    | Bought 3 scrolls of blinking for 247 gold pieces
 12213 | Orc:2    | Found Ymibil's Assorted Antiques.
 12213 | Orc:2    | Found Apagacs's Weapon Shop.
 12218 | Orc:2    | Bought a pair of smoking gloves for 294 gold pieces
 12218 | Orc:2    | Bought a scroll labeled TEXTUSM GACEAS for 31 gold pieces
 12233 | Orc:2    | Identified the cursed +0 pair of gloves of Qoppinos {MR+++ Str-3 Dex+3} (You bought it in a shop on level 2 of the Orcish Mines)
 12267 | Orc:1    | Noticed Erolcha
 12274 | Orc:1    | Killed Erolcha
 12274 | Orc:1    | Received a gift from Okawaru
 12311 | Orc:1    | Noticed an ettin
 12369 | Orc:2    | Gained mutation: You are in touch with the powers of death. [Mummy growth]
 12369 | Orc:2    | Reached XP level 13. HP: 33/93 MP: 19/19
 12670 | Lair:3   | Reached skill level 12 in Long Blades
 13239 | Lair:6   | Entered Level 6 of the Lair of Beasts
 13402 | Lair:6   | Noticed a dire elephant
 13415 | Lair:6   | Killed a dire elephant
 13429 | Lair:6   | Learned a level 3 spell: Vampiric Draining
 13434 | Lair:6   | Learned a level 4 spell: Control Undead
 13469 | Lair:6   | Received a gift from Okawaru
 13670 | Lair:6   | Slain by a blink frog

Vault maps used:
D:1:      dpeg_arrival_rhombus
D:2:      grunt_temple_overflow_open
D:3:      minivault_27, uniq_natasha
D:4:      first_bread, serial_shops, shop, shop, shop, nicolae_shop_trees,
          nicolae_shop_statue_plus, uniq_eustachio
D:5:      okawaru_metal_pillars_1_2
D:6:      nicolae_overflow_quartered_altars, zin_statuary, vehumet_statue,
          minmay_temple_entry_junction, uniq_grinder
D:7:      grunt_gozag_statues, serial_shops, shop_statue,
          nicolae_shop_overgrown_old_shop, grunt_ogre_cave,
          eino_small_chamber_without_monster
D:8:      lemuel_round_altar, overflow_temple_1_default, uniq_pikel,
          uniq_maurice
D:9:      overflow_temple_1_default, minmay_lair_entry_lava, basic_altar,
          uniq_grum
D:11:     erik_orc_4, hangedman_glass_garden, nemelex_xobeh_ov_fountains_minmay
D:12:     kennysheep_generic_room_5
D:13:     basic_altar, uniq_urug
Lair:1:   lemuel_fruit_tree
Lair:2:   nicolae_spider_entry_non_spiders, grunt_megastairs_5,
          lemuel_fruit_fields
Lair:3:   shoals_dummy_entry, eino_house_with_fridge, grunt_megastairs_1
Lair:5:   minmay_slime_entry_pillars, kennysheep_abandoned_house
Lair:6:   evil_forest, worms_lemuel, serial_bayou_shore_b
Orc:1:    uniq_erolcha
Orc:2:    st_orc_town, mines5_lemuel

Skill      XL: |  1  2  3  4  5  6  7  8  9 10 11 12 13 |
---------------+----------------------------------------+-----
Long Blades    | 2 3 4 5 6 7 8 9 10 11 12 | 12.8
Invocations    | 1 2 3 4 6 7 8 9 |  9.7
Dodging        | 1 2 3 4 5 6 7 8 |  8.6
Armour         | 3 4 5 6 7 8 |  8.7
Fighting       | 4 6 7 |  7.4
Shields        | |  2.4
Spellcasting   | |  0.5
Necromancy     | |  0.6

Action                   |  1- 3 |  4- 6 |  7- 9 | 10-12 | 13-15 || total
-------------------------+-------+-------+-------+-------+-------++-------
Melee: Long sword        |    94 |    48 |   436 |       |       ||   578
       Punch             |       |       |     8 |     5 |       ||    13
       Scimitar          |       |       |   101 |   307 |       ||   408
       Short sword       |       |       |    76 |       |       ||    76
       Great sword       |       |       |       |   415 |   228 ||   643
Throw: Throwing net      |       |       |     4 |     7 |       ||    11
       Tomahawk          |       |       |       |     1 |       ||     1
Invok: Heroism           |       |     2 |    28 |    41 |     9 ||    80
       Finesse           |       |       |       |     2 |     4 ||     6
Evoke: Wand              |     1 |     4 |     6 |    32 |     3 ||    46
  Use: Scroll            |     4 |       |       |    21 |     2 ||    27
 Stab: Held in net/web   |       |       |     2 |     8 |       ||    10
       Paralysed         |       |       |       |    28 |     3 ||    31
       Distracted        |       |       |       |     1 |       ||     1
Armor: Scale mail        |    44 |    24 |    20 |       |       ||    88
       Plate armour      |       |       |   397 |   218 |       ||   615
       Troll leather arm |       |       |       |    19 |    27 ||    46
Dodge: Dodged            |    34 |    22 |   264 |   386 |   135 ||   841
Block: Shield            |    28 |       |       |       |       ||    28
       Rpst.: Long sword |     9 |    10 |    52 |       |       ||    71
       Scimitar          |       |       |    13 |    36 |       ||    49
       Great sword       |       |       |       |    63 |    38 ||   101
